Map: Ever Dream LE

Players

MaDMarC - Winner!

  • Race: Terran Terran
  • League: Grandmaster
  • Spawn Location: 1:00

RiSky

  • Race: Zerg Zerg
  • League: Master
  • Spawn Location: 7:00

VOD

https://www.youtube.com/watch?v=tIsq0nGRRcQ&t=3s

Description

Time

  • Played on: May 1, 2020, 11:14 a.m.
  • Length: 11:22
Show
View Real Time Build Order
Export as new Build Order

MaDMarC Terran - Winner!

Build Orders: Liberator Opening, Reaper Expand 

Get SALT Encoding   

  12  0:01  SCV  
  13  0:13  SCV  
  14  0:17  Supply Depot  
  14  0:25  SCV  
  15  0:38  SCV  
  15  0:39  Barracks  
  16  0:43  Refinery  
  16  0:50  SCV  
  17  1:02  SCV  
  18  1:14  SCV  
  19  1:26  Reaper, Orbital Command  
  20  1:39  Command Center  
  20  1:47  Supply Depot  
  20  1:52  SCV  
  21  1:58  Marine  
  22  2:04  SCV  
  22  2:08  Factory  
  23  2:19  SCV  
  23  2:20  Barracks Reactor  
  24  2:32  SCV  
  25  2:39  Command Center  
  25  2:44  SCV  
  26  2:51  Orbital Command  
  26  2:56  SCV  
  27  2:59  Starport  
  27  3:07  Refinery  
  27  3:08  SCV  
  27  3:11  Hellion  
  30  3:15  Hellion  
  30  3:18  SCV  
  33  3:20  SCV  
  34  3:30  SCV  
  34  3:32  SCV, Hellion  
  38  3:37  Hellion  
  38  3:39  Viking  
  42  3:43  SCV  
  42  3:44  SCV  
  42  3:48  Barracks Tech Lab  
  44  3:53  Orbital Command  
  44  3:55  SCV  
  45  3:56  SCV  
  45  4:01  Hellion  
  45  4:02  Hellion  
  50  4:07  SCV  
  50  4:09  Liberator  
  54  4:15  SCV  
  55  4:19  SCV x2, Supply Depot  
  55  4:20  Stimpack  
  55  4:21  Marine  
  58  4:28  Hellion  
  60  4:33  SCV  
  60  4:35  Supply Depot  
  61  4:41  SCV x2, Marine  
  61  4:45  SCV  
  65  4:52  Starport Reactor  
  65  4:53  SCV x2  
  65  4:54  Barracks  
  65  4:55  Barracks  
  65  4:58  Marine, Factory Tech Lab  
  65  4:59  SCV  
  69  5:00  Engineering Bay, Refinery  
  69  5:02  Engineering Bay  
  69  5:06  SCV  
  70  5:07  Supply Depot, Orbital Command  
  70  5:11  SCV  
  71  5:15  Barracks  
  71  5:16  Marine, Barracks  
  71  5:18  SCV  
  71  5:21  Siege Tank  
  76  5:23  SCV  
  77  5:30  Refinery  
  77  5:31  SCV  
  77  5:33  SCV  
  77  5:34  Marine  
  80  5:35  SCV  
  80  5:37  Starport Reactor  
  78  5:43  SCV  
  78  5:45  SCV  
  78  5:49  SCV  
  81  5:52  Marine x3  
  84  5:57  Terran Infantry Weapons Level 1, Terran Infantry Armor Level 1  
  84  5:58  SCV  
  84  6:01  Supply Depot x2  
  84  6:02  Marine x2, Siege Tank  
  90  6:06  Barracks Reactor x2  
  90  6:10  SCV x2, Supply Depot x2, Marine  
  93  6:21  Supply Depot  
  93  6:22  Combat Shield, Marine, Medivac  
  93  6:25  SCV  
  98  6:27  SCV  
  98  6:28  Marine  
  98  6:29  Marine  
  100  6:35  Marine x2, Siege Tank  
  100  6:38  SCV  
  106  6:40  Marine  
  106  6:42  Marine  
  106  6:45  Supply Depot, Marine  
  106  6:46  Marine x2  
  110  6:48  Marine  
  110  6:49  Medivac  
  110  6:50  Marine  
  110  6:52  Marine  
  110  6:53  Medivac, Marine  
  119  7:00  Marine x2  
  121  7:02  Barracks  
  121  7:03  Marine, Barracks x2  
  121  7:04  Marine  
  121  7:05  Marine  
  121  7:06  Armory, Marine  
  121  7:08  Marine  
  126  7:10  Marine  
  126  7:11  Marine  
  126  7:15  Supply Depot  
  128  7:18  Marine x2  
  128  7:19  Medivac  
  128  7:20  Marine  
  128  7:22  Marine  
  134  7:23  Medivac, Marine x2  
  134  7:25  Marine  
  139  7:30  Marine  
  139  7:32  Supply Depot, Marine  
  139  7:33  Supply Depot  
  139  7:34  Supply Depot  
  139  7:36  Marine x2, Siege Tank  
  146  7:42  Marine  
  146  7:43  Marine  
  148  7:44  Supply Depot  
  148  7:47  Marine  
  149  7:53  Marine x2  
  149  7:54  Marine  
  149  7:55  Marine  
  149  7:56  Supply Depot, Marine x2  
  157  8:03  Terran Infantry Weapons Level 2  
  157  8:04  Terran Infantry Armor Level 2  
  157  8:05  Marine x3  
  158  8:07  Marine  
  158  8:09  Marine  
  158  8:11  Marine x3  
  164  8:14  Terran Vehicle Weapons Level 1  
  164  8:16  Supply Depot  
  164  8:17  Marine  
  164  8:18  Marine  
  165  8:22  Marine  
  166  8:28  Marine x3  
  166  8:32  Medivac  
  166  8:34  Marine  
  172  8:40  Marine  
  164  8:41  Medivac, Marine  
  164  8:42  Marine  
  164  8:43  Marine  
  164  8:46  Command Center, Siege Tank  
  164  8:47  Marine x2  
  162  8:56  Marine x2  
  162  8:58  Marine  
  162  9:01  Marine  
  154  9:02  Medivac  
  154  9:07  Marine  
  154  9:08  Marine x2  
  157  9:11  Medivac, Marine  
  157  9:12  Marine  
  157  9:13  Marine x3  
  162  9:17  Marine x3  
  162  9:19  Marine  
  166  9:25  Marine x3  
  166  9:29  Marine x2  
  166  9:30  Marine  
  166  9:31  Marine x2  
  167  9:32  Medivac  
  167  9:35  Marine x3  
  167  9:37  Marine  
  174  9:41  Medivac  
  174  9:43  Marine x3  
  169  9:47  Marine x2  
  169  9:48  Marine  
  169  9:53  Marine  
  169  9:54  Marine  
  169  9:58  Marine  
  158  10:01  Marine  
  158  10:02  Medivac  
  158  10:04  Marine  
  141  10:07  Marine  
  141  10:08  Marine x2  
  141  10:09  Marine x2  
  141  10:10  Marine  
  141  10:11  Medivac  
  141  10:12  Marine  
  143  10:16  Missile Turret  
  143  10:18  SCV, Marine x3  
  143  10:19  Marine  
  143  10:20  Siege Tank  
  146  10:22  Marine  
  146  10:24  SCV  
  146  10:25  Marine  
  146  10:26  Marine x2  
  146  10:27  Marine  
  152  10:29  Missile Turret, Marine x2  
  152  10:30  Marine  
  152  10:32  Medivac  
  157  10:36  Marine  
  157  10:37  Marine x3  
  157  10:38  SCV  
  157  10:40  Marine  
  162  10:43  Marine  
  153  10:51  Marine  
  153  10:53  Marine  
  153  10:54  Marine x6  
  139  10:57  Marine  
  139  10:58  Marine  
  143  11:05  SCV  
Show
View Real Time Build Order
Export as new Build Order

RiSky Zerg 

Build Orders: Hatch First, Muta Ling Bane 

Get SALT Encoding   

  12  0:01  Drone  
  13  0:12  Overlord  
  13  0:16  Drone  
  14  0:31  Drone x2  
  16  0:48  Hatchery  
  15  0:50  Drone  
  15  0:54  Drone  
  17  0:57  Drone  
  18  1:09  Extractor  
  17  1:13  Spawning Pool  
  17  1:16  Drone  
  17  1:20  Drone  
  18  1:28  Drone  
  19  1:38  Drone  
  20  1:49  Overlord  
  20  1:59  Queen x2  
  20  2:00  Zergling x4  
  26  2:11  Drone x2  
  28  2:21  Drone  
  29  2:26  Drone  
  29  2:27  Spore Crawler  
  29  2:31  Spore Crawler  
  29  2:33  Drone  
  31  2:37  Hatchery  
  31  2:42  Queen  
  32  2:46  Drone  
  32  2:49  Metabolic Boost  
  33  2:54  Overlord  
  33  2:57  Drone  
  34  3:00  Drone  
  34  3:02  Drone  
  36  3:11  Pneumatized Carapace  
  36  3:14  Drone  
  36  3:15  Drone x2  
  36  3:16  Drone  
  40  3:21  Drone  
  40  3:24  Overlord  
  40  3:25  Drone  
  40  3:26  Drone  
  43  3:37  Drone  
  44  3:41  Queen  
  44  3:43  Zergling x4  
  44  3:45  Drone  
  44  3:48  Queen, Drone  
  50  3:51  Overlord  
  50  3:53  Drone x2  
  54  3:58  Drone  
  54  3:59  Queen  
  54  4:01  Zergling x2  
  58  4:06  Overlord  
  58  4:10  Drone  
  58  4:11  Overlord  
  58  4:12  Drone  
  58  4:13  Zergling x4  
  58  4:15  Overlord  
  62  4:21  Lair  
  62  4:26  Drone x2, Baneling Nest  
  62  4:28  Drone  
  62  4:29  Extractor  
  62  4:30  Zergling x2  
  64  4:33  Drone x2  
  64  4:34  Zergling x2  
  64  4:38  Zergling x6  
  69  4:40  Drone  
  69  4:44  Drone  
  71  4:46  Queen  
  71  4:50  Drone x2  
  71  4:51  Spore Crawler  
  71  4:52  Drone  
  75  4:53  Drone  
  75  4:55  Drone  
  75  4:56  Drone  
  75  4:57  Extractor  
  75  4:59  Drone  
  78  5:00  Spore Crawler  
  78  5:02  Drone  
  78  5:05  Drone  
  79  5:10  Drone  
  79  5:12  Drone  
  81  5:18  Overlord x2, Baneling  
  81  5:19  Baneling  
  81  5:20  Overlord  
  81  5:33  Overlord  
  81  5:35  Queen, Centrifical Hooks  
  81  5:37  Zergling x2  
  81  5:38  Zergling x16  
  81  5:40  Drone  
  90  5:43  Drone  
  90  5:44  Drone  
  85  5:51  Drone x2  
  85  5:56  Evolution Chamber x2  
  84  5:59  Drone  
  84  6:01  Drone  
  84  6:03  Drone  
  84  6:04  Extractor  
  86  6:05  Extractor x2  
  86  6:06  Drone  
  86  6:08  Hatchery  
  84  6:11  Hatchery  
  84  6:12  Drone x2  
  84  6:14  Drone x2  
  84  6:15  Drone  
  84  6:17  Drone  
  89  6:23  Zerg Melee Weapons Level 1, Zerg Ground Armor Level 1, Drone x2  
  89  6:24  Drone x2  
  93  6:26  Drone x2  
  93  6:28  Drone  
  93  6:29  Drone  
  93  6:32  Zergling x2  
  98  6:35  Baneling x4  
  98  6:36  Baneling x8  
  98  6:38  Zergling x4  
  100  6:40  Zergling x2  
  101  6:49  Zergling x10  
  101  6:52  Zergling x6  
  109  6:58  Zergling x8  
  113  7:02  Drone  
  113  7:05  Overlord x2  
  114  7:11  Overlord  
  114  7:12  Overlord x2  
  113  7:16  Overlord  
  112  7:23  Overlord  
  112  7:26  Drone x9  
  112  7:28  Extractor  
  112  7:29  Drone  
  121  7:30  Drone  
  121  7:31  Spire, Extractor  
  121  7:33  Drone  
  121  7:38  Drone x2  
  121  7:39  Drone x2  
  121  7:40  Drone  
  121  7:43  Drone  
  127  7:48  Drone x3  
  129  7:55  Overlord x2  
  129  7:59  Zergling x12  
  129  8:02  Hatchery  
  134  8:09  Overlord x2  
  134  8:16  Hatchery  
  133  8:20  Baneling x20  
  133  8:22  Zergling x12  
  138  8:29  Zergling x16  
  138  8:31  Hatchery  
  138  8:33  Zergling x2  
  138  8:34  Zergling x8  
  148  8:39  Zergling x14  
  151  8:44  Mutalisk x3  
  156  8:50  Zergling x12  
  156  8:54  Mutalisk  
  158  8:58  Mutalisk x2  
  146  9:04  Mutalisk x3  
  146  9:07  Mutalisk x4  
  154  9:14  Zergling x8  
  154  9:15  Baneling x2  
  154  9:16  Baneling x3  
  156  9:22  Zergling x2  
  156  9:23  Zergling x8  
  160  9:31  Zergling x8  
  153  9:39  Baneling x17  
  153  9:44  Zergling x12  
  142  9:54  Zergling x2  
  142  9:55  Zergling x12  
  134  10:01  Zergling x8  
  134  10:06  Zergling x2  
  134  10:07  Zergling x4  
  128  10:21  Baneling x11  
  128  10:22  Baneling x13  
  128  10:27  Zergling x10  
  133  10:31  Zergling x6  
  136  10:38  Zergling x16  
  136  10:41  Hatchery  
  142  10:44  Zergling x14  
  138  10:53  Zergling x8  
  138  10:56  Zergling x6  
  123  10:59  Baneling x10  
  123  11:01  Baneling x6  
  123  11:02  Zergling x4  
Tags
 
Add a new tag
Caveats
  • Supply blocks, unpowered buildings, or Contaminate may cause inaccurate times.
  • Supply counts are checked every 10 seconds.